 Dungeon Crawl Stone Soup version 0.30-a0-652-gcc886f7154 (webtiles) character file.

Game seed: 2530131566851213649

64 Khashishi the Trooper (level 3, -4/29 HPs)
             Began as a Demonspawn Chaos Knight on Jan 17, 2023.
             Was a Plaything of Xom.
             Slain by Crazy Yiuf
             ... wielding a +3 quarterstaff of chaos
              (6 damage)
             ... on level 2 of the Dungeon.
             The game lasted 00:06:39 (1259 turns).

Khashishi the Trooper (Demonspawn Chaos Knight)     Turns: 1259, Time: 00:06:39

Health: -4/29      AC: 11    Str: 12    XL:     3   Next: 91%
Magic:  3/3        EV: 11    Int: 13    God:    Xom [....*.]
Gold:   119        SH:  0    Dex: 14    Spells: 2/2 levels left

rFire   . . .      SeeInvis .    a - +0 falchion (chaos)
rCold   . . .      Faith    .    (no shield)
rNeg    . . .      Spirit   .    b - +2 leather armour
rPois   .          Reflect  .    (no helmet)
rElec   .          Harm     .    (no cloak)
rCorr   .          Rampage  .    (no gloves)
Will    .....                    (no boots)
Stlth   +                        (no amulet)
HPRegen 0.24/turn                (no ring)
MPRegen 0.08/turn                (no ring)

@: sanguine armoured, flying, slowed, very slow
A: sanguine armour 1
a: Renounce Religion


You were on level 2 of the Dungeon.
You worshipped Xom.
You were a beloved toy of Xom.
You visited 1 branch of the dungeon, and saw 2 of its levels.

You collected 119 gold pieces.

Inventory:

Hand Weapons
 a - a +0 falchion of chaos (weapon)
Missiles
 h - 4 boomerangs
 m - 4 poisoned darts
Armour
 b - a +2 leather armour (worn)
Magical Staves
 f - a staff of earth
Scrolls
 d - 2 scrolls of noise {unknown}
 e - a scroll of vulnerability {unknown}
 i - a scroll of immolation {unknown}
 k - 4 scrolls of identify {unknown}
 n - a scroll of torment {unknown}
 p - a scroll of enchant armour {unknown}
 q - a scroll of silence {unknown}
 r - a scroll of summoning {unknown}
 s - a scroll of teleportation {unknown}
Potions
 j - a potion of brilliance {unknown}
 l - 4 potions of haste {unknown}
 o - a potion of invisibility {unknown}
Miscellaneous
 c - a piece from Xom's chessboard (10/15) (quivered)


   Skills:
 + Level 3.5 Fighting
 - Level 3.1 Long Blades
 + Level 0.0 Staves
 + Level 2.4 Armour
 + Level 1.7 Dodging
 + Level 0.3 Evocations


You had 2 spell levels left.
You didn't know any spells.
Your spell library was empty.

Dungeon Overview and Level Annotations

Branches:
Dungeon (2/15)

Altars:

Annotations:
D:2 Crazy Yiuf, Robin


Innate Abilities, Weirdness & Mutations

When seriously injured, your blood forms armour. (AC +6)


Message History

Okay, then.
It was a potion of flight.
You feel very buoyant.
You fly up into the air.
Xom roars with laughter!
Okay, then.
You reach down and open the door.
You hit Crazy Yiuf.
Crazy Yiuf suddenly seems more resistant.
Crazy Yiuf is lightly wounded.
Crazy Yiuf cries, "Announcement canine alas!"
Crazy Yiuf hits you with a +3 quarterstaff of chaos.
Crazy Yiuf burns you.
You hit Crazy Yiuf.
Crazy Yiuf is moderately wounded.
Crazy Yiuf barely misses you.
You hit Crazy Yiuf.
Nothing appears to happen.
Crazy Yiuf is moderately wounded.
Crazy Yiuf hits you with a +3 quarterstaff of chaos.
Your blood congeals into armour.
You hit Crazy Yiuf.
Crazy Yiuf is severely wounded.
Crazy Yiuf hits you but does no damage.
You hit Crazy Yiuf but do no damage.
Crazy Yiuf seems to speed up.
Crazy Yiuf is severely wounded.
Crazy Yiuf closely misses you.
Crazy Yiuf says, "No facts are to me sacred; none are profane; I simply experiment, an endless seeker, with no past at my back."
Crazy Yiuf hits you but does no damage.
You are electrocuted!
You barely miss Crazy Yiuf.
Crazy Yiuf is heavily wounded.
Crazy Yiuf hits you with a +3 quarterstaff of chaos.
* * * LOW HITPOINT WARNING * * *
You feel yourself slow down. Crazy Yiuf barely misses you.
You barely miss Crazy Yiuf.
Crazy Yiuf is heavily wounded.
Crazy Yiuf hits you with a +3 quarterstaff of chaos.
* * * LOW HITPOINT WARNING * * *
Crazy Yiuf hits you with a +3 quarterstaff of chaos.
You die...
Xom snickers!

#.##.## #....#
###### #.##.#
#....# #.##.#
#..P.# #)##.#
##.P.# #.##.#
##.## #.##.# ##.#
#.##.# #.## #.##.#
##.# #.# #@## #.#
#g# ###### #.# ...
...... #.# #...#
...... #.# #)..#
##.### #.# ##### .
#.# #[##########
#######.#.........
###


You could see Crazy Yiuf (fast, resistant).

Vanquished Creatures
  An adder (D:2)
  2 worms (D:2)
  A dart slug (D:2)
  8 endoplasms
  3 hobgoblins
  2 kobolds
  2 quokkas
  5 ball pythons
  4 bats
  A frilled lizard (D:2)
  9 goblins
  2 rats
40 creatures vanquished.

Vanquished Creatures (collateral kills)
  An endoplasm (D:1)
1 creature vanquished.

Vanquished Creatures (others)
  A fungus (D:2)
1 creature vanquished.

Grand Total: 42 creatures vanquished

Notes
Turn   | Place    | Note
-------+----------+-------------------------------------------
     0 | D:1      | Khashishi the Demonspawn Chaos Knight began the quest for
                  | the Orb.
     0 | D:1      | Reached XP level 1. HP: 18/18 MP: 1/1
   122 | D:1      | Reached skill level 1 in Dodging
   236 | D:1      | XOM: silly message
   356 | D:1      | Gained mutation: When seriously injured, your blood forms
                  | armour. (AC +6) [demonic ancestry]
   356 | D:1      | Reached XP level 2. HP: 20/24 MP: 2/2
   586 | D:1      | XOM: scenery: summon butterflies
   701 | D:2      | Reached XP level 3. HP: 24/29 MP: 3/3
   840 | D:2      | Noticed Robin
   979 | D:2      | XOM: god gift: scroll labelled SYECSI TUTO {god gift}
  1247 | D:2      | Found a runed translucent door.
  1248 | D:2      | Noticed Crazy Yiuf
  1259 | D:2      | Slain by Crazy Yiuf

Illustrated notes

Levels and vault maps discovered:
D:1:      spicycebolla_arrival_xxxplode, layout_loops_cross, minmay_distorted
D:2:      layout_loops_ring, kennysheep_nub, uniq_robin, uniq_crazy_yiuf_cottage

Skill      XL: |  1  2 |
---------------+-------+-----
Dodging        | 1 |  1.7
Armour         | 2 |  2.4
Long Blades    | 3 |  3.1
Fighting       | |  3.5
Evocations     | |  0.3

Action                   || total
-------------------------++-------
Melee: Falchion          ||   133
       Punch             ||     2
Evoke: Piece from Xom's  ||    11
  Use: Potion            ||     1
 Stab: Sleeping          ||     1
Armor: Leather armour    ||    39
Dodge: Dodged            ||    72

Table legend: (Time is in decaauts)
 A = Elapsed time spent in this place.
 B = Non-inter-level travel time spent in this place.
 C = Inter-level travel time spent in this place.
 D = Time resting spent in this place.
 E = Time spent auto-exploring this place.
 F = Levels seen in this place.
 G = Mean time per level.
                   A        B        C        D        E       F      G
               +--------+--------+--------+--------+--------+-----+--------+
         Total |   1279 |   1201 |     78 |      0 |    678 |   2 |  639.5 |
       Dungeon |   1279 |   1201 |     78 |      0 |    678 |   2 |  639.5 |
               +--------+--------+--------+--------+--------+-----+--------+

Top non-repeatable levels by time:
     D:1: 662 daAuts
     D:2: 616 daAuts
